 Dungeon Crawl Stone Soup version 0.24-b1 (webtiles) character file.

Game seed: 10402758714846634467, levelgen mode: deterministic

3833 Peloso the Carver (level 9, -4/81 HPs)
             Began as a Minotaur Fighter on Oct 12, 2019.
             Was a Follower of Okawaru.
             Slain by a hornet (5 damage)
             ... while petrified by a basilisk
             ... on level 8 of the Dungeon.
             The game lasted 00:17:07 (6944 turns).

Peloso the Carver (Minotaur Fighter)                Turns: 6944, Time: 00:17:08

Health: -4/81      AC:  8    Str: 25    XL:     9   Next: 98%
Magic:  8/8        EV:  2    Int:  5    God:    Okawaru [*.....]
Gold:   403        SH:  0    Dex: 11    Spells: 8/8 levels left

rFire    + . .     SeeInvis .   a - +3 falchion (flame)
rCold    + . .     Gourm    .   c - +0 shield
rNeg     + + +     Faith    .   t - +1 ring mail of the Gloaming {rPois rC+ rN+ MR-} (curse)
rPois    ∞         Spirit   .   (helmet restricted)
rElec    .         Reflect  .   (no cloak)
rCorr    .         Harm     .   (no gloves)
MR       .....                  (no boots)
Stlth    +.........             E - amulet of magic regeneration
HPRegen  0.23/turn              s - +1 ring of protection
MPRegen  0.36/turn              D - ring of protection from fire

@: petrified
A: retaliatory headbutt, horns 2, magic resistance 1, strong 1
a: Heroism, Renounce Religion


You were on level 8 of the Dungeon.
You worshipped Okawaru.
Okawaru was aware of your devotion.
You were hungry.

You visited 2 branches of the dungeon, and saw 9 of its levels.
You also visited: Sewer.

You collected 403 gold pieces.

Inventory:

Hand Weapons
 a - a +3 falchion of flaming (weapon)
Armour
 b - a +2 scale mail of magic resistance
 c - a +0 shield (worn)
 t - the cursed +1 ring mail of the Gloaming (worn) {rPois rC+ rN+ MR-}
   (You found it on level 4 of the Dungeon)

   It protects you from cold.
   It protects you from poison.
   It protects you from negative energy.
   It affects your resistance to hostile enchantments.
   It has a curse placed upon it.
Jewellery
 e - an uncursed ring of protection from cold
 g - an uncursed ring of stealth
 s - a +1 ring of protection (left hand)
 D - a ring of protection from fire (right hand)
 E - an amulet of magic regeneration (around neck)
Wands
 k - a wand of digging (5)
 o - a wand of flame (23)
Scrolls
 h - 5 scrolls of teleportation
 q - a scroll of fog
 r - a scroll of enchant armour {unknown}
 w - 3 scrolls of enchant weapon {unknown}
 y - a scroll of fear {unknown}
 A - 2 scrolls of identify
 B - 3 scrolls of amnesia {unknown}
 C - 2 scrolls of remove curse {unknown}
 F - a scroll of blinking {unknown}
Potions
 d - a potion of berserk rage
 i - a potion of magic
 j - 8 potions of curing
 l - 4 potions of haste
 m - 2 potions of cancellation
 n - 5 potions of flight {unknown}
 p - 3 potions of degeneration
 u - a potion of mutation
 v - 2 potions of might
 x - 5 potions of heal wounds
 z - 5 potions of brilliance {unknown}
Comestibles
 f - 15 rations


   Skills:
 + Level 7.9 Fighting
 + Level 10.4 Long Blades
 + Level 8.0 Armour
 + Level 4.1 Dodging
 + Level 1.2 Stealth
 + Level 8.7 Shields
 + Level 0.9 Evocations


You had 8 spell levels left.
You didn't know any spells.
Your spell library was empty.

Dungeon Overview and Level Annotations

Branches:
Dungeon (8/15)             Temple (1/1) D:7            Lair (0/6) D:8
  Sewer (visited)

Altars:
Cheibriados
Elyvilon
Gozag
Hepliaklqana
Okawaru
Qazlal
Ru
Sif Muna
Trog
Vehumet
Wu Jian
The Shining One

Shops:
D:4 (   D:5 =

Annotations:
D:5 1 runed translucent door


Innate Abilities, Weirdness & Mutations

You reflexively headbutt those who attack you in melee.
You have a pair of horns on your head.
You are resistant to hostile enchantments. (MR+)
Your muscles are strong. (Str +2)


Message History

Unknown command.
You closely miss the basilisk.
The basilisk is almost dead.
The basilisk bites you!
* * * LOW HITPOINT WARNING * * *
Your limbs are stiffening.
Unknown command.
You slash the basilisk! You burn the basilisk.
You kill the basilisk!
Okawaru accepts your kill. The hornet barely misses you.
You have turned to stone.
The hornet stings you!
* * * LOW HITPOINT WARNING * * *
The orc priest invokes the aid of Beogh against you.
Beogh smites you!
* * * LOW HITPOINT WARNING * * *
The hornet stings you!
* * * LOW HITPOINT WARNING * * *
The hornet stings you!
You die...

.# .. .## ..# . #.#
..P #.#
...o.###.#############
...ooYy@......>.......
>...Zl###.####.#######
....t ..............>.
.... ####.###.######.
... #.###....# ..
######..##.##.### .
#...............#
##.......###.###.#
#........# #.# #.#


You could see a yak, a hornet, an orc warrior, a crocodile, an iguana, an orc
priest, an orc and a quokka zombie.

Vanquished Creatures
  Harold (D:8)
  Prince Ribbit (D:5)
  Eustachio (D:4)
  A basilisk (D:8)
  A hungry ghost (D:7)
  Duvessa (D:4)
  An orc warrior (D:7)
  2 ice beasts
  3 ogres
  A phantom (D:4)
  3 centaurs
  4 big kobolds (Sewer)
  A bullfrog (D:6)
  Dowan (D:4)
  A scorpion (D:6)
  2 howler monkeys (D:4)
  2 crimson imps
  2 orc wizards
  A bullfrog zombie (D:7)
  3 orc priests
  A gnoll shaman (D:4)
  A hound (D:4)
  A centaur skeleton (D:5)
  An iron imp (D:7)
  A jelly (D:5)
  Jessica (D:3)
  Terence (D:2)
  5 worker ants
  Robin (D:4)
  3 gnolls (D:4)
  17 adders
  6 river rats (Sewer)
  A shadow imp (D:5)
  2 oozes
  2 adder zombies
  3 adder skeletons
  2 worms
  4 dart slugs
  7 leopard geckos
  24 orcs
  5 ball pythons
  5 giant cockroaches
  22 goblins
  10 hobgoblins
  15 jackals
  21 kobolds
  4 quokkas
  4 bats (D:3)
  8 frilled lizards
  A leopard gecko skeleton (D:7)
  A quokka skeleton (D:6)
  2 quokka zombies
  22 rats
237 creatures vanquished.

Notes
Turn   | Place    | Note
-------+----------+-------------------------------------------
     0 | D:1      | Peloso the Minotaur Fighter began the quest for the Orb.
     0 | D:1      | Reached XP level 1. HP: 19/19 MP: 0/0
   176 | D:1      | Reached XP level 2. HP: 26/27 MP: 1/1
   245 | D:1      | You fall into a shaft and drop 1 floor!
   280 | D:2      | Noticed Terence
   292 | D:2      | Killed Terence
   292 | D:2      | Reached skill level 3 in Long Blades
   292 | D:2      | Reached XP level 3. HP: 16/33 MP: 2/2
   625 | D:2      | Gained mutation: You are resistant to hostile enchantments.
                  | (MR+) [potion of mutation]
   625 | D:2      | Gained mutation: Your muscles are strong. (Str +2) [potion
                  | of mutation]
   645 | D:2      | Reached XP level 4. HP: 40/40 MP: 3/3
  1599 | D:3      | Reached skill level 4 in Long Blades
  1663 | D:3      | Reached XP level 5. HP: 43/47 MP: 4/4
  1677 | D:3      | Noticed Jessica
  1685 | D:3      | Killed Jessica
  1765 | D:3      | Noticed an ice beast
  1775 | D:3      | Killed an ice beast
  1775 | D:3      | Reached skill level 5 in Armour
  1775 | D:3      | Reached skill level 5 in Shields
  1775 | D:3      | Reached XP level 6. HP: 36/53 MP: 5/5
  2292 | D:4      | Found a radiant altar of Vehumet.
  2331 | D:4      | Found Lurghaboi's Weapon Emporium.
  2350 | D:4      | Reached skill level 5 in Long Blades
  2478 | D:4      | Noticed Dowan
  2478 | D:4      | Noticed Duvessa
  2484 | D:4      | Reached skill level 6 in Long Blades
  2491 | D:4      | Killed Duvessa
  2491 | D:4      | Reached skill level 1 in Dodging
  2491 | D:4      | Reached XP level 7. HP: 40/60 MP: 6/6
  2496 | D:4      | Killed Dowan
  2513 | D:4      | Noticed Eustachio
  2522 | D:4      | Killed Eustachio
  2522 | D:4      | Reached skill level 5 in Fighting
  2548 | D:4      | Reached skill level 7 in Long Blades
  2592 | D:4      | Found a stormy altar of Qazlal.
  2671 | D:4      | Reached XP level 8. HP: 48/69 MP: 7/7
  2735 | D:4      | Found an opulent altar of Gozag.
  3016 | D:4      | Identified the +1 helmet "Ipsithrua" {*Contam rC+ rN+
                  | Dex+3}
  3016 | D:4      | Noticed Robin
  3030 | D:4      | Killed Robin
  3094 | D:4      | Got a faintly humming ring mail
  3105 | D:4      | Identified the cursed +1 ring mail of the Gloaming {rPois
                  | rC+ rN+ MR-} (You found it on level 4 of the Dungeon)
  3482 | D:5      | Entered Level 5 of the Dungeon
  3495 | D:5      | Noticed Prince Ribbit
  3524 | D:5      | Killed Prince Ribbit
  3753 | D:5      | Found a runed translucent door.
  3753 | D:5      | Found a white marble altar of Elyvilon.
  3753 | D:5      | Noticed an angel
  3771 | D:5      | Reached skill level 8 in Long Blades
  4232 | D:5      | Found Talyas Juimn's Jewellery Emporium.
  4251 | D:5      | Reached skill level 1 in Stealth
  4873 | D:6      | Found a glowing drain.
  4898 | Sewer    | Entered a sewer
  5015 | Sewer    | Reached XP level 9. HP: 78/78 MP: 8/8
  5221 | Sewer    | Reached skill level 9 in Long Blades
  5795 | D:6      | Found a shimmering blue altar of Sif Muna.
  6146 | D:7      | Found a staircase to the Ecumenical Temple.
  6178 | Temple   | Entered the Ecumenical Temple
  6196 | Temple   | Became a worshipper of Warmaster Okawaru
  6284 | D:7      | Found an ornate altar of the Wu Jian Council.
  6302 | D:7      | Found a snail-covered altar of Cheibriados.
  6793 | D:8      | Noticed Harold
  6817 | D:8      | Killed Harold
  6817 | D:8      | Reached * piety under Okawaru
  6817 | D:8      | Reached skill level 10 in Long Blades
  6898 | D:8      | Found a sacrificial altar of Ru.
  6912 | D:8      | Found a staircase to the Lair.
  6943 | D:8      | HP: 1/81 [hornet (5)]
  6944 | D:8      | Slain by a hornet

Skill      XL: |  1  2  3  4  5  6  7  8  9 |
---------------+----------------------------+-----
Fighting       | 4 5 6 7 |  7.9
Armour         | 4 5 6 7 8 |  8.0
Shields        | 4 5 6 7 8 |  8.7
Long Blades    | 3 4 6 7 8 10 | 10.4
Dodging        | 1 3 4 |  4.1
Stealth        | 1 |  1.2
Evocations     | |  0.9

Action                   |  1- 3 |  4- 6 |  7- 9 || total
-------------------------+-------+-------+-------++-------
Melee: Long sword        |    76 |   146 |    12 ||   234
       Headbutt          |    10 |    38 |    70 ||   118
       Falchion          |       |       |   372 ||   372
Evoke: Wand              |       |     5 |       ||     5
  Use: Potion            |     1 |     5 |     1 ||     7
       Scroll            |       |       |     6 ||     6
  Eat: Chunk             |       |     5 |    15 ||    20
Armor: Scale mail        |    26 |    37 |    32 ||    95
       Ring mail         |       |       |    87 ||    87
Dodge: Dodged            |    20 |    28 |   124 ||   172
Block: Shield            |    39 |    87 |   177 ||   303
       Rpst.: Long sword |     6 |     5 |       ||    11
       Falchion          |       |       |    35 ||    35
